 Dungeon Crawl Stone Soup version 0.31-a0-128-g25add195a6 (webtiles) character file.

Game seed: 5720663577012512455

14287 pokeman the Eclecticist (level 11, -15/62 HPs)
             Began as a Deep Elf Hedge Wizard on June 2, 2023.
             Was an Elder of Vehumet.
             Killed from afar by a rime drake (21 damage)
             ... with an icy flash freeze
             ... in a Gauntlet.
             The game lasted 00:31:37 (12945 turns).

pokeman the Eclecticist (Deep Elf Hedge Wizard)    Turns: 12945, Time: 00:31:38

Health: -15/62     AC: 16    Str:  7    XL:     11   Next: 86%
Magic:  23/42      EV: 13    Int: 24    God:    Vehumet [****..]
Gold:   460        SH:  0    Dex: 14    Spells: 17/42 levels left

rFire   x x .        C - +2 dagger (venom)
rCold   x x .        (no shield)
rNeg    . . .        G - +0 steam dragon scales
rPois   +            c - +0 hat
rElec   .            y - +0 cloak
rCorr   .            P - +0 pair of gloves
SInv    .            (no boots)
Will    +....        A - amulet of Elemental Vulnerability {rPois rF-- rC-- AC+8}
Stlth   ++           h - ring of magical power
HPRegen 0.30/turn    n - ring of wizardry
MPRegen 0.28/turn

%: no teleportation, wizardry (x1)
@: no status effects
A: no striking features
a: Renounce Religion


You were in a Gauntlet.
You worshipped Vehumet.
Vehumet was greatly pleased with you.
You visited 2 branches of the dungeon, and saw 13 of its levels.
You also visited: Gauntlet.

You collected 647 gold pieces.
You spent 187 gold pieces at shops.

Inventory:

Hand Weapons
 C - a +2 dagger of venom (weapon)
 H - the +3 flail of Guile {speed, *Rage rCorr Int+5}
   (You found it on level 8 of the Dungeon)

   Int:       It affects your intelligence (+5).
   *Rage:     It berserks you when you make melee attacks (+20% chance).
   rCorr:     It protects you from acid and corrosion.
Missiles
 v - 4 curare-tipped darts
Armour
 c - a +0 hat (worn)
 y - a +0 cloak (worn)
 G - +0 steam dragon scales (worn)
 P - a +0 pair of gloves (worn)
Magical Staves
 w - a staff of poison
Jewellery
 b - a ring of wizardry
 h - a ring of magical power (left hand)
 n - a ring of wizardry (right hand)
 A - the amulet of Elemental Vulnerability (around neck) {rPois rF-- rC-- AC+8}
   (You found it on level 7 of the Dungeon)

   [amulet of nothing]

   AC:        It affects your AC (+8).
   rF:        It makes you very vulnerable to fire.
   rC:        It makes you very vulnerable to cold.
   rPois:     It protects you from poison.
 E - a ring of wizardry
Wands
 r - a wand of polymorph (23)
 x - a wand of flame (40)
 K - a wand of quicksilver (7)
Scrolls
 f - 3 scrolls of fear
 k - 4 scrolls of blinking
 l - 9 scrolls of teleportation
 o - 2 scrolls of brand weapon
 p - 5 scrolls of poison
 z - 3 scrolls of fog
 B - a scroll of silence {unknown}
 D - 3 scrolls of torment {unknown}
 F - 2 scrolls of immolation {unknown}
 L - a scroll of enchant armour {unknown}
Potions
 a - 2 potions of berserk rage
 d - a potion of magic
 g - 3 potions of curing
 i - 5 potions of brilliance
 m - 2 potions of might
 q - a potion of heal wounds {unknown}
 s - a potion of resistance {unknown}
 t - 2 potions of enlightenment {unknown}
 I - a potion of degeneration {unknown}
 M - a potion of mutation
 N - a potion of invisibility
 O - 5 potions of ambrosia
Miscellaneous
 J - a piece from Xom's chessboard (15/15)


   Skills:
 + Level 4.8 Fighting
 - Level 5.0 Armour
 - Level 3.0 Dodging
 - Level 3.0 Stealth
 * Level 16.2 Spellcasting
 + Level 9.6 Conjurations
 - Level 1.1 Summonings
 - Level 1.1 Translocations
 + Level 3.1 Fire Magic
 - Level 1.0 Air Magic
 - Level 8.0 Earth Magic
 - Level 1.0 Poison Magic
 - Level 2.0 Evocations


You had 17 spell levels left.
You knew the following spells:

 Your Spells              Type           Power      Damage    Failure   Level
a - Magic Dart            Conj           100%       1d8       1%          1
b - Mephitic Cloud        Conj/Pois/Air  38%        N/A       1%          3
c - Call Imp              Summ           48%        N/A       1%          2
d - Blink                 Tloc           48%        N/A       1%          2
e - Foxfire               Conj/Fire      100%       2x1d9     1%          1
f - Stone Arrow           Conj/Erth      100%       3d13      1%          3
g - Iskenderun's Battles  Conj           60%        2d11      1%          5
h - Ignition              Fire           17%        3d7       97%         8

Your spell library contained the following spells:

 Spells                   Type           Power      Damage    Failure   Level
 Iskenderun's Mystic Bla  Conj/Tloc      45%        2d10      1%          4
 Freeze                   Ice            76%        1d8       1%          1
 Sandblast                Erth           100%       2d20      1%          1
 Slow                     Hex            76%        N/A       1%          1
 Cigotuvi's Dreadful Rot  Necr/Pois/Air  44%        N/A       1%          2
 Ensorcelled Hibernation  Hex/Ice        38%        N/A       1%          2
 Passwall                 Tmut/Erth      31%        N/A       1%          2
 Sublimation of Blood     Necr           19%        N/A       1%          2
 Wereblood                Tmut           19%        N/A       1%          2
 Frozen Ramparts          Ice            38%        1d6       1%          3
 Hailstorm                Conj/Ice       42%        3d10      1%          3
 Leda's Unmaking          Conj/Erth      29%        9d5       1%          6
 Gell's Gravitas          Tloc           24%        N/A       2%          3
 Spider Form              Tmut/Pois      22%        N/A       2%          3
 Teleport Other           Tloc           24%        N/A       2%          3
 Olgreb's Toxic Radiance  Pois           24%        N/A       2%          4
 Summon Ice Beast         Ice/Summ       22%        N/A       9%          4
 Anguish                  Hex/Necr       9%         N/A       12%         4
 Dispel Undead            Necr           19%        3d11      12%         4
 Ice Form                 Ice/Tmut       19%        N/A       12%         4
 Summon Forest            Summ/Tloc      12%        N/A       19%         5
 Summon Mana Viper        Hex/Summ       22%        N/A       24%         5
 Spellforged Servitor     Conj/Summ      22%        N/A       26%         7
 Dispersal                Tloc           12%        N/A       69%         6
 Summon Cactus Giant      Summ           12%        N/A       69%         6
 Death Channel            Necr           9%         N/A       83%         6
 Storm Form               Tmut/Air       11%        N/A       99%         7
 Summon Hydra             Summ           12%        N/A       99%         7
 Discord                  Hex            9%         N/A       100%        8
 Maxwell's Capacitive Co  Air            12%        ∞         100%        8


Dungeon Overview and Level Annotations

Branches:
Dungeon (12/15)            Temple (1/1) D:6            Lair (0/5) D:9
    Orc (0/2) D:12        Gauntlet (1/1)

Altars:
Ashenzari
Cheibriados
Dithmenos
Elyvilon
Fedhas
Gozag
Hepliaklqana
Kikubaaqudgha
Makhleb
Nemelex Xobeh
Okawaru
Qazlal
Ru
Sif Muna
Trog
Uskayaw
Vehumet
Wu Jian
Xom
Yredelemnul
Zin
The Shining One

Shops:
D:4 ?

Portals:
Trove: D:11 (give 6 scrolls of fog)

Annotations:
D:5 3 runed translucent doors, Drazool's ghost, novice AtFi
D:7 3 runed translucent doors, GonguanaGonguana's ghost, novice MeEE
D:11 Loot behind freezing clouds Gauntlet 9 transporters, 2 runed translucent doors, exclusion: ice statue


Message History

The icy flash freeze misses you.
The ice beast hits you but does no damage.
Casting: Stone Arrow (safe; 1% risk of failure)
Confirm with . or Enter, or press ? or * to list all spells.
Aiming: Stone Arrow (safe; 1% risk of failure)
Press: ? - help, Shift-Dir - straight line, f/p - ice beast
Aim: an ice beast (heavily wounded, summoned, 78% to hit)
The stone arrow hits the ice beast!!
You kill the ice beast!
The ice beast disappears in a puff of smoke!
The rime drake bites you but does no damage.
Casting: Stone Arrow (safe; 1% risk of failure)
Confirm with . or Enter, or press ? or * to list all spells.
Aiming: Stone Arrow (safe; 1% risk of failure)
Press: ? - help, Shift-Dir - straight line, f - ice beast
Aim: an ice beast (blue smoke, summoned, 78% to hit)
The stone arrow hits the ice beast!!
The ice beast is almost dead.
The rime drake closely misses you. The ice beast hits you.
The ice beast freezes you!
You feel a terrible chill!
* * * LOW HITPOINT WARNING * * *
Casting: Stone Arrow (safe; 1% risk of failure)
Confirm with . or Enter, or press ? or * to list all spells.
Aiming: Stone Arrow (safe; 1% risk of failure)
Press: ? - help, Shift-Dir - straight line, f/p - ice beast
Aim: an ice beast (almost dead, summoned, 78% to hit)
The stone arrow hits the ice beast!!
You kill the ice beast!
The ice beast disappears in a puff of smoke!
The rime drake barely misses you.
Casting: Stone Arrow (safe; 1% risk of failure)
Confirm with . or Enter, or press ? or * to list all spells.
Aiming: Stone Arrow (safe; 1% risk of failure)
Press: ? - help, Shift-Dir - straight line, f - rime drake
Aim: a rime drake (72% to hit)
The stone arrow hits the rime drake!!
The rime drake is severely wounded.
The rime drake breathes ice at you. The icy flash freeze hits you!!
You feel a painful chill!
You die...

## ### ### ### ### ### ### ### #
≈###≈###≈###≈###≈###≈###≈###≈###≈
≈≈#≈≈≈#≈≈≈#≈≈≈#≈≈≈#≈≈≈#≈≈≈#≈≈≈#≈≈
................................≈
#######...#########...#########.#
.....2#.8.#..8....#.8.#.......#.≈
###+#.#...#!#.###.#...##..##.h#.≈
#≈..#.#####$...#@.#######..##w#.≈
#≈©.#.#©.©#©.#©#k##©.©#w##©.###©#
#≈..#.#.8.#..#..Y##.8.#h.##..##..
###+#.#...#.###.###...#h?.##..#..
......#.8.#.......#.8.#.......#.∩
#######...#########...#########..
..#.....8.#.........8.#.........8
#######...#########...#########..
......#.8.#...##GG#.8.#...#...#.∩


You could see an ice statue, a torpor snail, a rime drake (catching breath), an
ice beast (summoned) and 2 wolves.

Vanquished Creatures
  A two-headed ogre (D:10)
  An ugly thing (D:11)
  A slime creature (D:11)
  An ice statue (Gauntlet)
  A rime drake (Gauntlet)
  Psyche (D:11)
  A hornet (D:8)
  A troll (D:11)
  A queen bee (D:11)
  Grinder (D:5)
  A vampire (D:10)
  4 wyverns (D:9)
  16 yaks
  A water elemental (D:11)
  A wraith (D:11)
  A basilisk (D:9)
  3 steam dragons
  4 acid dragons
  5 water moccasins
  7 orc warriors
  5 ice beasts
  3 sky beasts
  2 black bears
  An ogre (D:4)
  A phantom (D:6)
  9 bullfrogs
  5 kobold brigands
  10 wights
  3 scorpions
  34 killer bees
  A vampire bat (D:10)
  3 electric eels (D:11)
  4 jellies
  2 gnoll boudas
  7 orc priests
  5 hounds
  6 iguanas
  13 orc wizards
  14 gnolls
  4 adders
  2 white imps
  An ufetubus (D:7)
  A worm (D:2)
  3 dart slugs
  48 orcs
  4 ball pythons
  7 bats
  2 bat skeletons (D:10)
  3 bat zombies (D:10)
  2 endoplasms (D:1)
  2 giant cockroaches (D:2)
  4 goblins
  5 hobgoblins
  5 jackals
  2 quokkas
  3 frilled lizards
  29 kobolds
  2 rats
310 creatures vanquished.

Vanquished Creatures (collateral kills)
  6 killer bees
  A gnoll (D:3)
7 creatures vanquished.

Vanquished Creatures (others)
  A killer bee (D:10)
  373 foxfires
374 creatures vanquished.

Grand Total: 691 creatures vanquished

Notes
Turn   | Place    | Note
-------+----------+-------------------------------------------
     0 | D:1      | pokeman the Deep Elf Hedge Wizard began the quest for the
                  | Orb.
     0 | D:1      | Reached XP level 1. HP: 10/10 MP: 7/7
   195 | D:1      | You fall into a shaft and drop 1 floor!
   255 | D:2      | Reached XP level 2. HP: 15/15 MP: 7/9
   787 | D:1      | Reached skill level 5 in Spellcasting
   929 | D:1      | Reached XP level 3. HP: 20/20 MP: 11/11
   933 | D:1      | Learned a level 3 spell: Mephitic Cloud
   936 | D:1      | Learned a level 2 spell: Call Imp
   939 | D:1      | Learned a level 2 spell: Blink
   943 | D:1      | Learned a level 3 spell: Stone Arrow
  2091 | D:3      | Found an iron altar of Okawaru.
  2131 | D:3      | Reached skill level 1 in Fighting
  2300 | D:3      | Reached skill level 1 in Armour
  2308 | D:3      | Reached XP level 4. HP: 23/25 MP: 9/13
  2481 | D:3      | Reached skill level 6 in Spellcasting
  2711 | D:3      | Reached XP level 5. HP: 28/29 MP: 15/15
  3071 | D:4      | Noticed an ogre
  3076 | D:4      | Killed an ogre
  3077 | D:4      | Reached skill level 1 in Air Magic
  3526 | D:4      | Reached XP level 6. HP: 27/34 MP: 6/17
  3878 | D:4      | Found Zihaet's Magic Scroll Shoppe.
  3885 | D:4      | Bought 2 scrolls of teleportation for 66 gold pieces
  3885 | D:4      | Bought a scroll of teleportation for 33 gold pieces
  3919 | D:4      | Found a hide-covered altar of Uskayaw.
  3986 | D:4      | Reached skill level 7 in Spellcasting
  3986 | D:4      | Reached skill level 1 in Earth Magic
  3986 | D:4      | Reached skill level 1 in Poison Magic
  4355 | D:5      | Entered Level 5 of the Dungeon
  4381 | D:5      | Noticed Grinder
  4388 | D:5      | Paralysed by Grinder for 3 turns
  4391 | D:5      | Killed Grinder
  4392 | D:5      | Reached skill level 1 in Evocations
  4392 | D:5      | Reached XP level 7. HP: 19/38 MP: 13/20
  4539 | D:5      | Found a runed translucent gate.
  4539 | D:5      | Found a runed translucent gate.
  4564 | D:5      | Found a runed translucent gate.
  4566 | D:5      | Noticed Drazool's ghost (novice AtFi)
  4589 | D:5      | Reached skill level 8 in Spellcasting
  5052 | D:5      | Reached XP level 8. HP: 45/45 MP: 22/22
  5247 | D:6      | Reached skill level 9 in Spellcasting
  5380 | D:6      | Reached skill level 5 in Conjurations
  5492 | D:6      | Reached skill level 10 in Spellcasting
  5869 | D:6      | Found a staircase to the Ecumenical Temple.
  5878 | Temple   | Entered the Ecumenical Temple
  5895 | Temple   | Became a worshipper of Vehumet
  6075 | D:7      | Reached XP level 9. HP: 42/49 MP: 5/25
  6522 | D:7      | Reached skill level 11 in Spellcasting
  6711 | D:7      | Found a runed translucent gate.
  6711 | D:7      | Found a runed translucent gate.
  6714 | D:7      | Found a runed translucent gate.
  6715 | D:7      | Found an opulent altar of Gozag.
  6737 | D:7      | Noticed a skeletal warrior
  6737 | D:7      | Noticed GonguanaGonguana's ghost (novice MeEE)
  6847 | D:7      | Reached skill level 5 in Earth Magic
  6941 | D:7      | Found the amulet of Elemental Vulnerability {rPois rF--
                  | rC-- AC+8}
  7080 | D:7      | Reached skill level 12 in Spellcasting
  7243 | D:7      | Reached * piety under Vehumet
  7243 | D:7      | Offered knowledge of Foxfire by Vehumet.
  7246 | D:7      | Learned a level 1 spell: Foxfire
  7883 | D:8      | Reached XP level 10. HP: 56/56 MP: 20/28
  8163 | D:8      | Found a shimmering blue altar of Sif Muna.
  8289 | D:8      | Reached skill level 13 in Spellcasting
  8369 | D:8      | Found a transporter.
  8474 | D:8      | Identified the +3 flail of Guile {speed, *Rage rCorr Int+5}
  8615 | D:8      | Found a basalt altar of Yredelemnul.
  8879 | D:9      | Reached ** piety under Vehumet
  8879 | D:9      | Offered knowledge of Shock by Vehumet.
  8912 | D:9      | Found a stormy altar of Qazlal.
  8999 | D:9      | Learned a level 5 spell: Iskenderun's Battlesphere
  9271 | D:9      | Reached skill level 14 in Spellcasting
  9430 | D:9      | Found a staircase to the Lair.
  9480 | D:9      | Offered knowledge of Momentum Strike by Vehumet.
  9738 | D:9      | Found a sacrificial altar of Ru.
  9758 | D:10     | Entered Level 10 of the Dungeon
  9758 | D:10     | Noticed a two-headed ogre
  9773 | D:10     | Killed a two-headed ogre
  9778 | D:10     | Reached XP level 11. HP: 61/61 MP: 12/31
  9779 | D:10     | Reached *** piety under Vehumet
 10257 | D:10     | Learned a level 8 spell: Ignition
 10410 | D:10     | Found an ancient bone altar of Kikubaaqudgha.
 10596 | D:10     | Offered knowledge of Fulminant Prism by Vehumet.
 10730 | D:10     | Reached skill level 15 in Spellcasting
 10937 | D:11     | Noticed a white ugly thing
 10948 | D:11     | Killed a white ugly thing
 11087 | D:11     | Reached skill level 5 in Armour
 11089 | D:11     | Reached **** piety under Vehumet
 11105 | D:11     | Offered knowledge of Iskenderun's Mystic Blast by Vehumet.
 11231 | D:11     | Reached skill level 1 in Fire Magic
 11234 | D:11     | Noticed Psyche
 11274 | D:11     | Killed Psyche
 11720 | D:11     | Found a portal to a secret trove of treasure.
 11848 | D:11     | Reached skill level 16 in Spellcasting
 12336 | D:4      | Bought a scroll of fog for 44 gold pieces
 12336 | D:4      | Bought a scroll of fog for 44 gold pieces
 12599 | D:12     | Found a gate leading to a gauntlet.
 12610 | Gauntlet | Entered a Gauntlet
 12610 | Gauntlet | Found a transporter.
 12610 | Gauntlet | Found a transporter.
 12612 | Gauntlet | Found a transporter.
 12612 | Gauntlet | Found a transporter.
 12616 | Gauntlet | Found a transporter.
 12616 | Gauntlet | Found a transporter.
 12642 | Gauntlet | Noticed a shining eye
 12652 | Gauntlet | Found a transporter.
 12656 | Gauntlet | Found a transporter.
 12669 | Gauntlet | Noticed a quicksilver ooze
 12671 | Gauntlet | Found a transporter.
 12682 | Gauntlet | Found a runed translucent door.
 12684 | Gauntlet | Found a transporter.
 12686 | Gauntlet | Found a runed translucent door.
 12686 | Gauntlet | Noticed a green death
 12688 | Gauntlet | Found a transporter.
 12708 | Gauntlet | Found a transporter.
 12945 | Gauntlet | Killed from afar by a rime drake

Illustrated notes

Levels and vault maps discovered:
D:1:      lemuel_arrival_hallway, layout_basic, minmay_misc_feat_iff,
          kennysheep_crisscross
D:2:      layout_basic, serial_bayou_ford_a, small_statue_intersection
D:3:      layout_basic, okawaru_metal_pillars_1_2, bh_walls_and_bars
D:4:      layout_gridville, lemuel_doored_altar, serial_shops, shop
D:5:      layout_rooms, gammafunk_ghost_split, uniq_grinder
D:6:      layout_cave_pools, minmay_temple_entry_wispy
D:7:      minmay_bubble_buster, layout_loops_ring, ebering_ghost_gozag,
          hangedman_minor_gate_pass
D:8:      layout_rooms, mainiacjoe_overflow_brackets,
          nicolae_sif_muna_condensation, nicolae_diode_basic
D:9:      layout_basic, kennysheep_mini,
          mainiacjoe_overflow_concentric_impassable, minmay_lair_entry_grove
D:10:     layout_long_grid, kennysheep_vampire_church
D:11:     lemuel_ice_spiral_2, layout_basic, special_room [special_room_bee],
          nicolae_trove_entry_crystal, kennysheep_small_circle, uniq_psyche
D:12:     layout_roguey, david_orc_3, gauntlet_entry_generic,
          ebering_ghost_reflecting_pool, minivault_25, minivault_23,
          serial_bayou_pond_d
Temple:   hellmonk_temple_two_chambers
Gauntlet: minmay_gauntlet_77_indecision [minmay_gauntlet_arena_77_two_lines,
          minmay_gauntlet_arena_77_two_paths,
          minmay_gauntlet_arena_77_broken_ladder,
          minmay_gauntlet_arena_77_squiggly,
          minmay_gauntlet_arena_77_shame_cube, minmay_gauntlet_arena_77_box,
          nicolae_gauntlet_exit_dead_adventurers]

Skill      XL: |  1  2  3  4  5  6  7  8  9 10 11 |
---------------+----------------------------------+-----
Spellcasting   | 5 6 7 8 10 12 14 16 | 16.2
Fighting       | 1 2 3 4 |  4.8
Conjurations   | 2 3 4 5 7 8 9 |  9.6
Armour         | 1 2 3 4 5 |  5.0
Dodging        | 3 |  3.0
Stealth        | 3 |  3.0
Air Magic      | 1 |  1.0
Earth Magic    | 1 2 4 5 7 8 |  8.0
Poison Magic   | 1 |  1.0
Evocations     | 1 2 |  2.0
Fire Magic     | 3 |  3.1
Summonings     | |  1.1
Translocations | |  1.1

Action                     |  1- 3 |  4- 6 |  7- 9 | 10-12 || total
---------------------------+-------+-------+-------+-------++-------
  Melee: Dagger            |     6 |     7 |     9 |    73 ||    95
         Punch             |     1 |       |       |     2 ||     3
         Short sword       |       |       |    16 |       ||    16
   Cast: Magic Dart        |    94 |    23 |    27 |    14 ||   158
         Mephitic Cloud    |     3 |     4 |     7 |    32 ||    46
         Call Imp          |     1 |     1 |       |     4 ||     6
         Stone Arrow       |       |    38 |   121 |   106 ||   265
         Foxfire           |       |       |    37 |   169 ||   206
         Blink             |       |       |       |     3 ||     3
         Iskenderun's Batt |       |       |       |     2 ||     2
    Use: Scroll            |       |       |       |    10 ||    10
   Stab: Confused          |     2 |     1 |       |    13 ||    16
 Armour: Robe              |     1 |     6 |    11 |     2 ||    20
         Steam dragon scal |       |       |       |    89 ||    89
  Dodge: Dodged            |    20 |    17 |    34 |   158 ||   229

Table legend: (Time is in decaauts)
 A = Elapsed time spent in this place.
 B = Non-inter-level travel time spent in this place.
 C = Inter-level travel time spent in this place.
 D = Time resting spent in this place.
 E = Time spent auto-exploring this place.
 F = Levels seen in this place.
 G = Mean time per level.
                   A        B        C        D        E       F      G
               +--------+--------+--------+--------+--------+-----+--------+
         Total |  12995 |  12414 |    581 |    893 |   9602 |  14 |  928.2 |
       Dungeon |  12634 |  12061 |    573 |    778 |   9592 |  12 | 1052.8 |
        Temple |     26 |     18 |      8 |      0 |     10 |   1 |   26.0 |
      Gauntlet |    334 |    334 |      0 |    115 |      0 |   1 |  334.0 |
               +--------+--------+--------+--------+--------+-----+--------+

Top non-repeatable levels by time:
     D:7: 1713 daAuts
    D:11: 1552 daAuts
     D:9: 1202 daAuts
     D:2: 1189 daAuts
     D:3: 1123 daAuts
     D:4: 1070 daAuts
    D:10: 1002 daAuts
     D:1: 997 daAuts
     D:6: 923 daAuts
     D:8: 921 daAuts
     D:5: 915 daAuts
Gauntlet: 334 daAuts
  Temple: 26 daAuts
    D:12: 20 daAuts
